 Dungeon Sprint DCSS version 0.17.1-3-g152610e (webtiles) character file.

4353 Kokonut the Unseen (level 10, -1/74 HPs)
             Began as a Kobold Berserker on Mar 16, 2016.
             Was a High Priest of Trog.
             Slain by a demonic crawler (10 damage)
             ... in the Dungeon (Sprint I: "Red Sonja").
             The game lasted 00:04:01 (580 turns).

Kokonut the Unseen (Kobold Berserker)                Turns: 580, Time: 00:04:01

Health: -1/74      AC:  2    Str: 15    XL:     10   Next: 60%
Magic:  10/10      EV: 29    Int:  5    God:    Trog [*****.]
Gold:   743        SH:  0    Dex: 20    Spells: 0 memorised, 9 levels left

rFire  . . .     SeeInvis .     a - +0 short sword
rCold  . . .     Clarity  .     b - +0 animal skin
rNeg   . . .     SustAt   .     (shield restricted)
rPois  .         Gourm    .     (no helmet)
rElec  .         Spirit   .     (no cloak)
rCorr  .         Warding  .     (no gloves)
rMut   .         NoTele   +     (no boots)
MR     .....                    (no amulet)
Stlth  ++++++++..               (no ring)
                                (no ring)

@: exhausted, slowed, very slow, not resistant to hostile enchantments,
extraordinarily stealthy
A: carnivore 3
a: Berserk, Trog's Hand, Brothers in Arms, Burn Spellbooks, Renounce Religion


You were in the Dungeon.
You worshipped Trog.
Trog was extremely pleased with you.
You were very full.

You visited 1 branch You collected 743 gold pieces.

Inventory:

Hand Weapons
 a - a +0 short sword (weapon)
Armour
 b - a +0 animal skin (worn)
Wands
 j - a wand of polymorph (3)
 n - a wand of disintegration (4)
Scrolls
 i - a scroll of blinking
 q - a scroll of identify {unknown}
Potions
 d - a potion of curing
 f - a potion of haste
 g - 2 potions of magic
 h - 2 potions of berserk rage
 k - a potion of mutation {unknown}
 l - a potion of agility {unknown}
 p - a potion of might {unknown}
Comestibles
 c - a meat ration
 m - 4 chunks of flesh
 o - a slice of pizza


   Skills:
 + Level 13.9 Fighting
 - Level 12.3 Short Blades
 - Level 1.5 Armour
 + Level 14.8 Dodging
 + Level 16.9 Stealth


You had 9 spell levels left.
You didn't know any spells.

Dungeon Overview and Level Annotations

Branches:
Dungeon (1/1)

Altars:
Cheibriados
Dithmenos
Elyvilon
Fedhas
Gozag
Kikubaaqudgha
Makhleb
Nemelex Xobeh
Okawaru
Qazlal
Ru
Sif Muna
Trog
Vehumet
Xom
Yredelemnul
Zin
The Shining One
Jiyva

Shops:
D *=[


Innate Abilities, Weirdness & Mutations

You are small and have problems with some larger weapons.
You are carnivorous and can eat meat at any time.


Message History

The demonic crawler hits you!
* * * LOW HITPOINT WARNING * * *
The demonic crawler misses you.
The demonic crawler completely misses you.
The demonic crawler hits you.
* * * LOW HITPOINT WARNING * * *
The demonic crawler completely misses you.
There is an open door, spattered with blood here.
Drink which item? (? for menu, Esc to quit)
You feel much better.
The demonic crawler completely misses you. x2
The demonic crawler hits you!
* * * LOW HITPOINT WARNING * * *
The demonic crawler completely misses you.
The demonic crawler hits you but does no damage.
The demonic crawler completely misses you.
The demonic crawler hits you.
* * * LOW HITPOINT WARNING * * *
The demonic crawler hits you!
You die...

########################
.#..').#.)'..#__#s.'..)#
.'..#..'..#..'..@ss#..(#
.#####+#####'#__####)..†..#
.####..#...#§####§(#####..+
.#__####..##§#§§§§§#§.# +##
.#_..__##+#..'≈§§§.'§†#
⌠#_.∩...'..._#§§§§§#§.#
##_..._##_.#+##'#####'#
#_____###'#(#....###.+
##########.####'###.###


You could see 3 demonic crawlers.

Vanquished Creatures
  2 centaur warriors (D)
  Sonja (D)
  A deep troll (D)
  An oklob plant (D)
  2 kobold demonologists (D)
  A demonic crawler (D)
  A slime creature (D)
  Sigmund (D)
  A yak (D)
  A wasp (D)
  An ogre (D)
  A jelly (D)
  Ijyb (D)
  A giant eyeball (D)
16 creatures vanquished.

Notes
Turn   | Place    | Note
--------------------------------------------------------------
     0 | D        | Kokonut the Kobold Berserker began the quest for the Orb.
     0 | D        | Reached XP level 1. HP: 14/14 MP: 1/1
     1 | D        | Noticed Ijyb
    23 | D        | Killed Ijyb
    23 | D        | Reached skill level 6 in Short Blades
    23 | D        | Reached XP level 2. HP: 16/20 MP: 2/2
    23 | D        | Reached XP level 3. HP: 19/24 MP: 3/3
   168 | D        | Noticed an ogre
   175 | D        | Killed an ogre
   175 | D        | Reached skill level 5 in Fighting
   175 | D        | Reached skill level 8 in Short Blades
   175 | D        | Reached skill level 5 in Dodging
   175 | D        | Reached skill level 5 in Stealth
   175 | D        | Reached XP level 4. HP: 30/31 MP: 4/4
   175 | D        | Reached XP level 5. HP: 35/36 MP: 5/5
   217 | D        | Noticed Sigmund
   220 | D        | Killed Sigmund
   220 | D        | Reached ** piety under Trog
   220 | D        | Reached skill level 10 in Short Blades
   220 | D        | Reached XP level 6. HP: 35/42 MP: 6/6
   232 | D        | Found a deep blue altar of Sif Muna.
   233 | D        | Noticed a jelly
   234 | D        | Found a radiant altar of Vehumet.
   238 | D        | Killed a jelly
   238 | D        | Reached skill level 11 in Short Blades
   277 | D        | Found Jennutiu's Jewellery Emporium.
   277 | D        | Found a white marble altar of Elyvilon.
   277 | D        | Found a stormy altar of Qazlal.
   277 | D        | Found a burning altar of Makhleb.
   277 | D        | Found a sacrificial altar of Ru.
   277 | D        | Found a basalt altar of Yredelemnul.
   277 | D        | Found a glowing golden altar of the Shining One.
   277 | D        | Found a sparkling altar of Nemelex Xobeh.
   277 | D        | Found a shimmering altar of Xom.
   277 | D        | Found an opulent altar of Gozag.
   277 | D        | Found an ancient bone altar of Kikubaaqudgha.
   277 | D        | Found a glowing silver altar of Zin.
   277 | D        | Noticed a yak
   278 | D        | Found an iron altar of Okawaru.
   279 | D        | Killed a yak
   279 | D        | Reached *** piety under Trog
   279 | D        | Reached skill level 12 in Short Blades
   279 | D        | Reached XP level 7. HP: 46/48 MP: 7/7
   280 | D        | Found a bloodstained altar of Trog.
   312 | D        | Found a snail-covered altar of Cheibriados.
   312 | D        | Found a viscous altar of Jiyva.
   312 | D        | Found a shadowy altar of Dithmenos.
   312 | D        | Found a blossoming altar of Fedhas.
   312 | D        | Noticed a slime creature
   315 | D        | Killed a slime creature
   315 | D        | Reached skill level 10 in Stealth
   337 | D        | Noticed Sonja
   341 | D        | Killed Sonja
   341 | D        | Reached skill level 10 in Fighting
   341 | D        | Reached XP level 8. HP: 54/58 MP: 8/8
   358 | D        | Found Ifyacuz's General Store.
   380 | D        | Noticed a deep troll
   384 | D        | Killed a deep troll
   384 | D        | Reached **** piety under Trog
   384 | D        | Reached skill level 13 in Stealth
   384 | D        | Reached XP level 9. HP: 61/64 MP: 9/9
   398 | D        | Found Plog's Armour Emporium.
   424 | D        | Noticed a centaur warrior
   424 | D        | Noticed a centaur warrior
   426 | D        | Killed a centaur warrior
   426 | D        | Reached skill level 14 in Stealth
   427 | D        | Killed a centaur warrior
   427 | D        | Reached skill level 15 in Stealth
   427 | D        | Reached XP level 10. HP: 68/73 MP: 10/10
   450 | D        | Noticed a wasp
   453 | D        | Killed a wasp
   457 | D        | Noticed an oklob plant
   470 | D        | Killed an oklob plant
   470 | D        | Reached skill level 16 in Stealth
   546 | D        | Noticed a kobold demonologist
   547 | D        | Noticed a kobold demonologist
   549 | D        | Reached ***** piety under Trog
   550 | D        | Killed a kobold demonologist
   552 | D        | Killed a kobold demonologist
   554 | D        | Noticed a demonic crawler
   554 | D        | Noticed a demonic crawler
   554 | D        | Noticed a demonic crawler
   554 | D        | Noticed a demonic crawler
   573 | D        | Killed a demonic crawler
   573 | D        | Received a gift from Trog
   579 | D        | HP: 1/74 [demonic crawler (5)]
   580 | D        | Slain by a demonic crawler

Action                   |  1- 3 |  4- 6 |  7- 9 | 10-12 || total
-------------------------+-------+-------+-------+-------++-------
Melee: Short sword       |    25 |     3 |     5 |    33 ||    66
Invok: Berserk           |     1 |       |       |     2 ||     3
  Use: Potion            |       |       |       |     1 ||     1
 Stab: Sleeping          |       |     3 |     5 |     4 ||    12
  Eat: Chunk             |       |       |     4 |     5 ||     9
